 Dungeon Crawl Stone Soup version 0.22.0-6-g71bd7aa (webtiles) character file.

165 Lew the Chopper (level 5, -1/45 HPs)
             Began as a Hill Orc Fighter on Aug 14, 2018.
             Succumbed to a gnoll's poison
             ... on level 3 of the Dungeon.
             The game lasted 00:03:08 (1760 turns).

Lew the Chopper (Hill Orc Fighter)                  Turns: 1760, Time: 00:03:09

Health: -1/45      AC:  6    Str: 20    XL:     5   Next: 46%
Magic:  5/5        EV:  7    Int: 13    God:
Gold:   148        SH:  9    Dex: 10    Spells: 4/4 levels left

rFire    + . .     SeeInvis .   a - +0 war axe
rCold    + . .     Gourm    .   c - +0 shield
rNeg     . . .     Faith    .   b - +0 scale mail
rPois    +         Spirit   .   (no helmet)
rElec    +         Reflect  .   (no cloak)
rCorr    +         Harm     .   (no gloves)
MR       .....                  (no boots)
Stlth    ..........             (no amulet)
HPRegen  0.15/turn              (no ring)
MPRegen  0.09/turn              (no ring)

@: brilliant, lethally poisoned (-1 -> -26), resistant
A: no striking features
a: no special abilities


You were on level 3 of the Dungeon.
You were not hungry.

You visited 1 branch of the dungeon, and saw 3 of its levels.

You collected 148 gold pieces.

Inventory:

Hand Weapons
 a - a +0 war axe (weapon)
Armour
 b - a +0 scale mail (worn)
 c - a +0 shield (worn)
 r - a +2 pair of gloves
Wands
 q - a wand of iceblast (6)
Scrolls
 e - 3 scrolls of magic mapping {unknown}
 g - a scroll of enchant weapon {unknown}
 i - 6 scrolls of remove curse {unknown}
 m - a scroll of fear {unknown}
 n - a scroll of identify {unknown}
 o - a scroll of amnesia {unknown}
 p - a scroll of teleportation {unknown}
 s - a scroll of enchant armour {unknown}
Potions
 d - a potion of might
 j - a potion of brilliance
 k - a potion of ambrosia {unknown}
 l - a potion of degeneration {unknown}
 t - a potion of lignification {unknown}
 u - a potion of flight {unknown}
Comestibles
 f - 8 rations


   Skills:
 - Level 3.6 Fighting
 + Level 7.3 Axes
 - Level 3.2 Armour
 - Level 3.2 Shields


You had 4 spell levels left.
You didn't know any spells.
Your spell library was empty.

Dungeon Overview and Level Annotations

Branches:
Dungeon (3/15)

Altars:
The Shining One


Message History

The gnoll is lightly wounded.
* * * LOW HITPOINT WARNING * * *
You feel very sick. The gnoll hits you but does no damage.
You are more poisoned.
You block the gnoll's attack.
* * * LOW HITPOINT WARNING * * *
You feel sick.
The gnoll hits you from afar with a spear.
* * * LOW HITPOINT WARNING * * *
You see here 22 bolts.
It was a potion of resistance.
You feel protected.
* * * LOW HITPOINT WARNING * * *
You feel sick. You block the gnoll's attack.
The gnoll hits you from afar with a spear.
* * * LOW HITPOINT WARNING * * *
It was a potion of brilliance.
You feel clever all of a sudden.
You die...

#.#.#...#####.##..#.# #...
.........##....###.#.#
#...
#.#.#.#...##.#.##....##
####
....#....#......###....###
# .#.#.#.#.#####..#
##.....# #
..........##.....# #...)##
# #....#. #....## #.....##
# .... #....# ###....# #
.# #.@..# ##..## # #....#
#....# # #..gg...# ###..#
# ......###### #..###
.#.#.. ##...## .....
##...### .... #####8.†.###
#### #...#.....##
#._.......##


You could see 2 gnolls.

Vanquished Creatures
  2 adders (D:2)
  6 gnolls (D:3)
  3 oozes
  2 worms (D:2)
  2 dart slugs (D:1)
  2 leopard geckos (D:2)
  2 ball pythons (D:1)
  2 giant cockroaches
  5 goblins
  7 hobgoblins
  3 jackals (D:3)
  2 quokkas (D:2)
  9 bats
  5 frilled lizards
  6 kobolds
  9 rats
67 creatures vanquished.

Notes
Turn   | Place    | Note
-------+----------+-------------------------------------------
     0 | D:1      | Lew the Hill Orc Fighter began the quest for the Orb.
     0 | D:1      | Reached XP level 1. HP: 19/19 MP: 1/1
    40 | D:1      | Reached skill level 3 in Axes
   125 | D:1      | Reached XP level 2. HP: 25/26 MP: 2/2
   162 | D:1      | Reached skill level 4 in Axes
   242 | D:1      | Reached XP level 3. HP: 23/31 MP: 3/3
   471 | D:2      | Reached skill level 5 in Axes
   509 | D:2      | Reached XP level 4. HP: 21/39 MP: 4/4
   752 | D:2      | Reached skill level 6 in Axes
  1295 | D:3      | Found a glowing golden altar of the Shining One.
  1328 | D:3      | Reached XP level 5. HP: 23/45 MP: 5/5
  1506 | D:3      | Reached skill level 7 in Axes
  1759 | D:3      | HP: 1/45 [gnoll/spear (2)]
  1760 | D:3      | Succumbed to a gnoll's poison

Skill      XL: |  1  2  3  4  5 |
---------------+----------------+-----
Axes           | 3 4 5 6 7 |  7.3
Fighting       | |  3.6
Armour         | |  3.2
Shields        | |  3.2

Action                   |  1- 3 |  4- 6 || total
-------------------------+-------+-------++-------
Melee: War axe           |    82 |   121 ||   203
  Use: Potion            |       |     2 ||     2
  Eat: Ration            |       |     1 ||     1
Armor: Scale mail        |    36 |    52 ||    88
Dodge: Dodged            |    25 |    62 ||    87
Block: Shield            |    58 |    69 ||   127
